 Dungeon Crawl Stone Soup version 0.21.1 (webtiles) character file.

366 KamiKatze the Conjurer (level 6, -4/32 HPs)
             Began as a Deep Elf Conjurer on Feb 4, 2018.
             Slain by a killer bee (5 damage)
             ... on level 4 of the Dungeon.
             The game lasted 00:20:46 (3518 turns).

KamiKatze the Conjurer (Deep Elf Conjurer)          Turns: 3518, Time: 00:20:47

Health: -4/32      AC:  4    Str:  5    XL:     6   Next: 40%
Magic:  8/15       EV: 13    Int: 22    God:
Gold:   263        SH:  0    Dex: 19    Spells: 1/15 levels left

rFire    . . .     SeeInvis .   a - +1 dagger
rCold    . . .     Gourm    .   (no shield)
rNeg     . . .     Faith    .   l - +0 robe
rPois    .         Spirit   .   (no helmet)
rElec    .         Reflect  .   (no cloak)
rCorr    .         Harm     .   r - +1 pair of gloves
MR       +....                  (no boots)
Stlth    ++........             (no amulet)
HPRegen  0.10/turn              f - +4 ring of dexterity
MPRegen  0.14/turn              j - ring of protection from magic

@: lethally poisoned (-4 -> -12), hasted, very quick
A: no striking features
a: no special abilities


You were on level 4 of the Dungeon.
You were not hungry.

You visited 1 branch of the dungeon, and saw 4 of its levels.

You collected 290 gold pieces.
You spent 27 gold pieces at shops.

Inventory:

Hand Weapons
 a - a +1 dagger (weapon)
Missiles
 i - a throwing net (quivered)
 p - 17 poisoned needles
Armour
 l - a +0 robe (worn)
 r - a +1 pair of gloves (worn)
Jewellery
 f - a +4 ring of dexterity (left hand)
 h - an uncursed ring of resist corrosion
 j - a ring of protection from magic (right hand)
Scrolls
 b - a scroll of blinking
 e - 3 scrolls of identify
 m - a scroll of remove curse
 o - a scroll of enchant armour
Potions
 d - a potion of flight
 q - 2 potions of curing
 s - a potion of cancellation
Books
 g - a book of Changes

   Spells                             Type                      Level
   a - Beastly Appendage              Transmutation                1
   b - Sticks to Snakes               Transmutation                2
   c - Spider Form                    Transmutation/Poison         3
   d - Ice Form                       Ice/Transmutation            4
   e - Blade Hands                    Transmutation                5
 k - a book of Conjurations

   Spells                             Type                      Level
   a - Magic Dart                     Conjuration                  1
   b - Searing Ray                    Conjuration                  2
   c - Dazzling Spray                 Conjuration/Hexes            3
   d - Fulminant Prism                Conjuration/Hexes            4
   e - Force Lance                    Conjuration/Translocation    4
   f - Iskenderun's Mystic Blast      Conjuration                  4
Comestibles
 c - 10 rations
 t - a chunk of flesh


   Skills:
 - Level 2.4 Dodging
 - Level 2.4 Stealth
 + Level 5.2 Spellcasting
 * Level 6.9 Conjurations
 + Level 3.6 Hexes


You had one spell level left.
You knew the following spells:

 Your Spells              Type           Power        Failure   Level  Hunger
a - Magic Dart            Conj           ####         1%          1    None
b - Searing Ray           Conj           #####.       1%          2    None
c - Dazzling Spray        Conj/Hex       ####..       3%          3    ##.....
d - Iskenderun's Mystic   Conj           #####...     5%          4    ####...
e - Fulminant Prism       Conj/Hex       ####......   11%         4    ####...


Dungeon Overview and Level Annotations

Branches:
Dungeon (4/15)
 Temple: D:4-7

Altars:

Shops:
D:4 *

Annotations:
D:4 Pikel; garbagetei's ghost, novice GrVM


Message History

The searing ray misses the killer bee.
You feel sick. The killer bee barely misses you. The killer bee stings you.
A killer bee comes into view.
Unknown command.
Okay, then.
You feel better. The killer bee stings you! The killer bee stings you.
The killer bee stings you!
* * * LOW HITPOINT WARNING * * *
The killer bee stings you but does no damage. x2
The killer bee closely misses you. The killer bee barely misses you.
The killer bee closely misses you.
The howler monkey hoots and howls with incredible vigour!
The killer bee buzzes angrily.
A killer bee comes into view.
The killer bee buzzes angrily.
You hear a shout! x8
You feel yourself speed up. The killer bee stings you.
* * * LOW HITPOINT WARNING * * *
You are lethally poisoned!
The killer bee poisons you! The killer bee stings you.
You die...

...(.........'....#...
#........##.#....#...
#........###.....#...
#........##.'....####
#........##.#...##
#.(...†..##.#...#
#........##.#####
#....h...##.##
#...@y....y..#
#....yy......#
#####........#
#........########
#........#......#
#######.##.......
#..'.......
####....... #.......


You could see a howler monkey and 4 killer bees.

Vanquished Creatures
  A killer bee (D:4)
  A centaur skeleton (D:4)
  2 orc priests
  An orc wizard (D:3)
  An iguana (D:3)
  2 worker ants (D:4)
  4 adders
  2 oozes (D:3)
  An adder skeleton (D:4)
  3 worms
  A dart slug (D:2)
  2 leopard geckos
  9 orcs
  6 giant cockroaches
  10 goblins
  2 hobgoblins
  2 jackals (D:4)
  2 quokkas
  A ball python (D:1)
  2 bats (D:1)
  8 frilled lizards
  5 kobolds
  A leopard gecko skeleton (D:4)
  A quokka skeleton (D:4)
  4 rats (D:1)
74 creatures vanquished.

Notes
Turn   | Place    | Note
-------+----------+-------------------------------------------
     0 | D:1      | KamiKatze the Deep Elf Conjurer began the quest for the Orb.
     0 | D:1      | Reached XP level 1. HP: 10/10 MP: 6/6
   241 | D:1      | Reached XP level 2. HP: 15/15 MP: 5/8
   245 | D:1      | Learned a level 2 spell: Searing Ray
   506 | D:1      | Reached skill level 5 in Conjurations
   905 | D:2      | Reached XP level 3. HP: 19/19 MP: 7/10
   910 | D:2      | Learned a level 3 spell: Dazzling Spray
  1109 | D:2      | Reached skill level 1 in Hexes
  1621 | D:3      | Reached XP level 4. HP: 24/24 MP: 8/12
  1627 | D:3      | Learned a level 4 spell: Iskenderun's Mystic Blast
  2250 | D:3      | Reached skill level 6 in Conjurations
  2256 | D:3      | Reached XP level 5. HP: 28/28 MP: 7/13
  2506 | D:4      | Found Kuh Dosi's Assorted Antiques.
  2509 | D:4      | Bought a scroll labeled AWNEVA VIEJ for 27 gold pieces
  2858 | D:4      | Noticed Pikel
  2977 | D:4      | Noticed a slave
  2977 | D:4      | Noticed a slave
  2990 | D:4      | Reached skill level 5 in Spellcasting
  2990 | D:4      | Reached XP level 6. HP: 11/32 MP: 12/15
  3033 | D:4      | Learned a level 4 spell: Fulminant Prism
  3383 | D:4      | Noticed a slave
  3384 | D:4      | Noticed garbagetei's ghost (novice GrVM)
  3501 | D:4      | Noticed a slave
  3518 | D:4      | HP: 1/32 [killer bee (6)]
  3518 | D:4      | Slain by a killer bee

Skill      XL: |  1  2  3  4  5 |
---------------+----------------+-----
Conjurations   | 5 6 |  6.9
Hexes          | 1 2 3 |  3.6
Spellcasting   | 4 5 |  5.2
Dodging        | |  2.4
Stealth        | |  2.4

Action                   |  1- 3 |  4- 6 || total
-------------------------+-------+-------++-------
Melee: Dagger            |       |     3 ||     3
 Cast: Magic Dart        |    57 |    63 ||   120
       Searing Ray       |     6 |    16 ||    22
       Iskenderun's Myst |       |     2 ||     2
  Use: Scroll            |     6 |     4 ||    10
       Potion            |       |     3 ||     3
  Eat: Chunk             |     2 |     6 ||     8
Armor: Robe              |     2 |     5 ||     7
Dodge: Dodged            |     6 |    25 ||    31
